 Dungeon Crawl Stone Soup version 0.27-a0-1500-g450c7e4133 (webtiles) character file.

Game seed: 1501394052150773697

162 lunkers the Insei (level 5, -12/38 HPs)
             Began as a Djinni Warper on July 7, 2021.
             Killed by divine providence
             ... invoked by an orc priest
              (13 damage)
             ... on level 3 of the Dungeon.
             The game lasted 00:06:54 (5027 turns).

lunkers the Insei (Djinni Warper)                   Turns: 5027, Time: 00:06:55

Health: -12/38     AC:  4    Str: 11    XL:     5   Next: 71%
Gold:   156        EV: 11    Int: 15    God:
                   SH:  5    Dex: 12

rFire    + + .     SeeInvis .     - Unarmed
rCold    x . .     Faith    .   (no shield)
rNeg     . . .     Spirit   .   a - +0 leather armour
rPois    ∞         Reflect  +   (no helmet)
rElec    .         Harm     .   (no cloak)
rCorr    .         Rampage  .   l - +0 pair of gloves
Will     .....                  (boots unavailable)
Stlth    ..........             j - amulet of reflection
HPRegen  0.12/turn              (no ring)
MPRegen  0.00/turn              (no ring)

@: silenced, flying
A: sickness immunity, fire resistance 2, cold vulnerability 1, float, innate
caster, hp casting, extra vitality 1
a: no special abilities


You were on level 3 of the Dungeon.
You visited 1 branch of the dungeon, and saw 3 of its levels.

You collected 156 gold pieces.

Inventory:

Hand Weapons
 n - a +2 dagger of speed
Missiles
 c - 2 boomerangs of dispersal
Armour
 a - a +0 leather armour (worn)
 k - a +0 buckler
 l - a +0 pair of gloves (worn)
Jewellery
 j - an amulet of reflection (around neck)
Scrolls
 m - a scroll of enchant armour {unknown}
 o - a scroll of identify {unknown}
Potions
 b - a potion of resistance
 e - a potion of curing {unknown}
 g - a potion of berserk rage {unknown}
 h - 2 potions of brilliance {unknown}
 i - a potion of cancellation {unknown}
 p - a potion of lignification {unknown}


   Skills:
 - Level 2.0 Fighting
 - Level 0.7 Throwing
 - Level 1.0 Armour
 - Level 2.1 Dodging
 * Level 4.6 Unarmed Combat
 + Level 3.2 Spellcasting


You couldn't memorise any spells.
You knew the following spells:

 Your Spells              Type           Power      Damage    Failure   Level
a - Magic Dart            Conj           48%        1d5       7%          1
b - Lesser Beckoning      Tloc           6%         N/A       21%         3
c - Gell's Gravitas       Tloc           6%         N/A       21%         3
d - Teleport Other        Tloc           12%        N/A       21%         3
e - Manifold Assault      Tloc           12%        N/A       88%         5
f - Ensorcelled Hibernat  Hex/Ice        24%        N/A       11%         2
p - Blink                 Tloc           N/A        N/A       11%         2
Your spell library was empty.

Dungeon Overview and Level Annotations

Branches:
Dungeon (3/15)

Altars:
Dithmenos


Innate Abilities, Weirdness & Mutations

You are immune to sickness and miasma.
You are immune to poison.
Your flesh is very heat resistant. (rF++)
You are vulnerable to cold. (rC-)
You float through the air rather than walking.
You learn spells naturally, not from books.
Your magical power is your life essence.
You have superior vitality. (+4 HP)


Message History

a +0 dagger; a kobold skeleton The orc priest begins to cast a cantrip, but forgets the words!
You see here a +0 club.
The orc priest hits you but does no damage.
Things that are here:
a +0 dagger; a kobold skeleton The orc priest hits you with a +0 trident.
The orc priest hits you from afar with a +0 trident!
Things that are here:
a +0 club; a hobgoblin skeleton The orc priest calls down the wrath of Beogh upon you.
Beogh smites you!
* * * LOW HITPOINT WARNING * * *
Okay, then.
As you read the scroll labelled LIBYENGEHEO, it crumbles to dust.
Wisps of shadow whirl around you...
It was a scroll of summoning.
The orc priest mumbles some strange prayers to Beogh against you.
Beogh smites you!
* * * LOW HITPOINT WARNING * * *
The hobgoblin hits your giant cockroach with a +0 club!
Your giant cockroach dies!
Your giant cockroach's corpse dissolves into shadows!
As you read the scroll labelled WUAXTU IHIE, it crumbles to dust.
A profound silence engulfs you.
It was a scroll of silence.
Your hobgoblin barely misses the hobgoblin.
You swap places.
The hobgoblin hits your orc with a +0 club!
Your orc misses the hobgoblin. Your hobgoblin hits the hobgoblin.
The orc priest hits your hobgoblin with a +0 trident.
The hobgoblin closely misses your orc.
Your orc hits the hobgoblin but does no damage.
Your hobgoblin closely misses the orc priest.
The orc priest hits your hobgoblin with a +0 trident.
The hobgoblin hits your orc with a +0 club.
Your orc dies!
Your orc's corpse dissolves into shadows!
Your hobgoblin hits the orc priest.
The orc priest invokes the aid of Beogh against you.
Beogh smites you!
You die...

#.## #.# #..#
#.# ##.## #.#
#..# #.#
#######.###.#
#........##.#
#########
#.######.##.#
#<.......
#.##.#
####.....
#@.#.# #.....
##.#.# #.....
#...# ######
##..# #..# #gg#
##o# #o##
####### ##
#.K###.....###≈


You could see an orc priest (ally target), an orc, a hobgoblin and a friendly
hobgoblin (summoned).

Vanquished Creatures
  Robin (D:3)
  3 gnolls
  5 adders (D:2)
  A worm (D:2)
  A dart slug (D:2)
  2 orcs
  4 endoplasms
  2 giant cockroaches (D:3)
  13 goblins
  9 hobgoblins
  2 jackals (D:1)
  A quokka (D:3)
  10 ball pythons
  3 bats
  7 frilled lizards
  5 kobolds
  A rat (D:2)
70 creatures vanquished.

Vanquished Creatures (others)
  2 fungi (D:1)
  4 plants (D:1)
6 creatures vanquished.

Grand Total: 76 creatures vanquished

Notes
Turn   | Place    | Note
-------+----------+-------------------------------------------
     0 | D:1      | lunkers the Djinni Warper began the quest for the Orb.
     0 | D:1      | Reached XP level 1. HP: 18/18 MP: 0/0
   444 | D:1      | Reached XP level 2. HP: 20/23 MP: 0/0
   537 | D:1      | Found a faded altar of an unknown god.
  1008 | D:1      | Reached XP level 3. HP: 24/28 MP: 0/0
  1008 | D:1      | Learned a level 1 spell: Magic Dart
  1068 | D:1      | Reached skill level 3 in Unarmed Combat
  2265 | D:2      | Reached XP level 4. HP: 17/33 MP: 0/0
  3095 | D:2      | Reached skill level 4 in Unarmed Combat
  3223 | D:2      | Reached XP level 5. HP: 34/38 MP: 0/0
  3223 | D:2      | Learned a level 2 spell: Ensorcelled Hibernation
  3791 | D:3      | Noticed Robin
  4211 | D:3      | Found a shadowy altar of Dithmenos.
  4234 | D:3      | Killed Robin
  4909 | D:3      | Noticed a kobold brigand
  5010 | D:3      | Noticed a kobold brigand
  5022 | D:3      | HP: 1/38 [orc priest/divine providence (14)]
  5027 | D:3      | Killed from afar by an orc priest

Illustrated notes

Levels and vault maps discovered:
D:1:      minmay_arrival_solitary_statue, layout_basic,
          shapermc_ecumenical_altar_gd
D:2:      layout_loops_ring
D:3:      cheibrodos_thug_alley, layout_basic,
          mainiacjoe_overflow_cross_hatched, ebering_ghost_reflecting_pool,
          uniq_robin

Skill      XL: |  1  2  3  4 |
---------------+-------------+-----
Unarmed Combat | 3 4 |  4.6
Spellcasting   | 3 |  3.2
Fighting       | |  2.0
Throwing       | |  0.7
Armour         | |  1.0
Dodging        | |  2.1

Action                   |  1- 3 |  4- 6 || total
-------------------------+-------+-------++-------
Melee: Unarmed           |    71 |     3 ||    74
       Punch             |     3 |       ||     3
Throw: Boomerang         |     3 |       ||     3
 Cast: Magic Dart        |    48 |   129 ||   177
       Blink             |     1 |       ||     1
  Use: Scroll            |       |     3 ||     3
 Stab: Distracted        |     1 |       ||     1
Armor: Leather armour    |    18 |     7 ||    25
Dodge: Dodged            |    58 |    26 ||    84
Block: Other             |       |     7 ||     7

Table legend: (Time is in decaauts)
 A = Elapsed time spent in this place.
 B = Non-inter-level travel time spent in this place.
 C = Inter-level travel time spent in this place.
 D = Time resting spent in this place.
 E = Time spent auto-exploring this place.
 F = Levels seen in this place.
 G = Mean time per level.
                   A        B        C        D        E       F      G
               +--------+--------+--------+--------+--------+-----+--------+
         Total |   5031 |   4936 |     95 |   1607 |   2646 |   3 | 1677.0 |
       Dungeon |   5031 |   4936 |     95 |   1607 |   2646 |   3 | 1677.0 |
               +--------+--------+--------+--------+--------+-----+--------+

Top non-repeatable levels by time:
     D:1: 2110 daAuts
     D:2: 2076 daAuts
     D:3: 844 daAuts
